 Dungeon Crawl Stone Soup version 0.18.1-48-g4cf74bf (webtiles) character file.

6757 theElss the Destroyer (level 10, 0/56 HPs)
             Began as a High Elf Conjurer on Aug 17, 2016.
             Was a Priest of Vehumet.
             Slain by an unseen horror (4 damage)
             ... on level 10 of the Dungeon.
             The game lasted 01:01:37 (14018 turns).

theElss the Destroyer (High Elf Conjurer)          Turns: 14018, Time: 01:01:38

Health: 0/56       AC:  7    Str:  9    XL:     10   Next: 75%
Magic:  3/25       EV: 12    Int: 19    God:    Vehumet [***...]
Gold:   259        SH:  6    Dex: 15    Spells: 7 memorised, 9 levels left

rFire  + + .     SeeInvis .     H - staff of energy
rCold  + . .     Gourm    .     r - +2 leather armour of Royalty {rF++ rC+ Dex-3}
rNeg   . . .     Faith    .     d - +0 buckler
rPois  .         Spirit   .     (no helmet)
rElec  .         Dismiss  .     v - +0 cloak
rCorr  .         Reflect  .     (no gloves)
SustAt .         Harm     .     s - +0 pair of boots
MR     +....                    (no amulet)
Stlth  ++........               (no ring)
                                (no ring)

@: somewhat resistant to hostile enchantments, unstealthy
A: no striking features
a: Renounce Religion


You were on level 10 of the Dungeon.
You worshipped Vehumet.
Vehumet was most pleased with you.
You were hungry.

You visited 2 branches of the dungeon, and saw 11 of its levels.
You also visited: Ossuary.

You collected 553 gold pieces.
You spent 294 gold pieces at shops.

Inventory:

Hand Weapons
 e - a +0 club
Armour
 d - a +0 buckler (worn)
 r - the +2 leather armour of Royalty (worn) {rF++ rC+ Dex-3}
   (You found it on level 4 of the Dungeon)

   It affects your dexterity (-3).
   It greatly protects you from fire.
   It protects you from cold.
 s - a +0 pair of boots (worn)
 t - a +0 leather armour
 v - a +0 cloak (worn)
Magical Staves
 H - an uncursed staff of energy (weapon)
 R - an uncursed staff of cold
 T - an uncursed staff of poison
Jewellery
 U - an uncursed amulet of guardian spirit
Wands
 y - a wand of hasting (2/9)
 E - a wand of flame (8/48)
 P - a wand of flame (16/48)
Scrolls
 f - 3 scrolls of blinking
 i - 4 scrolls of enchant weapon
 j - 5 scrolls of teleportation
 k - a scroll of silence
 o - 6 scrolls of remove curse
 C - a scroll of amnesia
 I - 2 scrolls of magic mapping
 J - 5 scrolls of recharging
 N - a scroll of fear {unknown}
 Q - a scroll of vulnerability {unknown}
 S - 3 scrolls of enchant armour {unknown}
Potions
 a - a potion of lignification
 g - 3 potions of curing
 m - a potion of mutation
 n - 2 potions of cure mutation
 q - 4 potions of haste
 z - a potion of cancellation {unknown}
 D - 3 potions of agility
 G - a potion of flight {unknown}
 K - a potion of magic
 M - a potion of ambrosia
Books
 b - a book of Conjurations

   Spells                             Type                      Level
   a - Magic Dart                     Conjuration                  1
   b - Searing Ray                    Conjuration                  2
   c - Dazzling Spray                 Conjuration/Hexes            3
   d - Fulminant Prism                Conjuration/Hexes            4
   e - Iskenderun's Mystic Blast      Conjuration                  4
   f - Iskenderun's Battlesphere      Conjuration/Charms           5
 u - a book of Necromancy

   Spells                             Type                      Level
   a - Pain                           Necromancy                   1
   b - Animate Skeleton               Necromancy                   1
   c - Vampiric Draining              Necromancy                   3
   d - Regeneration                   Charms/Necromancy            3
   e - Animate Dead                   Necromancy                   4
   f - Control Undead                 Necromancy                   4
 A - a book of Power

   Spells                             Type                      Level
   a - Fulminant Prism                Conjuration/Hexes            4
   b - Iskenderun's Mystic Blast      Conjuration                  4
   c - Venom Bolt                     Conjuration/Poison           5
   d - Bolt of Magma                  Conjuration/Fire/Earth       5
   e - Iron Shot                      Conjuration/Earth            6
   f - Orb of Destruction             Conjuration                  7
   g - Spellforged Servitor           Conjuration/Summoning        7
 B - a book of Clouds

   Spells                             Type                      Level
   a - Mephitic Cloud                 Conjuration/Poison/Air       3
   b - Conjure Flame                  Conjuration/Fire             3
   c - Poisonous Cloud                Conjuration/Poison/Air       6
   d - Freezing Cloud                 Conjuration/Ice/Air          6
   e - Ring of Flames                 Charms/Fire                  7
Comestibles
 c - 7 bread rations
 h - 3 meat rations
 p - 2 beef jerkies
 x - 3 slices of pizza
 O - 25 fruits


   Skills:
 - Level 2.8 Dodging
 - Level 2.1 Stealth
 * Level 6.5 Shields
 + Level 10.4 Spellcasting
 + Level 11.3 Conjurations
 - Level 2.0 Charms
 * Level 5.2 Fire Magic
 - Level 1.3 Air Magic
 - Level 1.0 Poison Magic


You had 9 spell levels left.
You knew the following spells:

 Your Spells              Type           Power        Failure   Level  Hunger
a - Magic Dart            Conj           ####         1%          1    None
b - Iskenderun's Battles  Conj/Chrm      #####...     5%          5    None
c - Searing Ray           Conj           ######       1%          2    None
d - Iskenderun's Mystic   Conj           ######..     1%          4    None
e - Flame Tongue          Conj/Fire      #####        1%          1    None
f - Mephitic Cloud        Conj/Pois/Air  ####....     1%          3    None
g - Sticky Flame          Conj/Fire      #####...     1%          4    None


Dungeon Overview and Level Annotations

Branches:
Dungeon (10/15)            Temple (1/1) D:4            Lair (0/8) D:10
    Orc: D:9-12

Altars:
Ashenzari
Cheibriados
Dithmenos
Elyvilon
Fedhas
Gozag
Kikubaaqudgha
Makhleb
Nemelex Xobeh
Okawaru
Pakellas
Qazlal
Ru
Sif Muna
Trog
Vehumet
Xom
Yredelemnul
Zin
The Shining One

Shops:
D:4 %   D:5 :   D:7 %(?   D:8 *

Annotations:
D:4 Grinder
D:10 Joat's ghost, journeyman VSAE


Message History

Unknown command.
Unknown command.
Casting: Searing Ray
Confirm with . or Enter, or press ? or * to list all spells.
Aiming: Flame Tongue
Press: ? - help, Shift-Dir - straight line
Aim: Disturbance (black smoke)
Something hits you but does no damage. Something hits you.
* * * LOW HITPOINT WARNING * * *
Casting: Flame Tongue
Confirm with . or Enter, or press ? or * to list all spells.
You can't see any susceptible monsters within range! (Use Z to cast anyway.) Unknown command.
Casting: Flame Tongue
Confirm with . or Enter, or press ? or * to list all spells.
You can't see any susceptible monsters within range! (Use Z to cast anyway.) Unknown command.
You hit something but do no damage. You block something's attack.
Something hits you.
You die...

#.<...⌠.................####
#........##.............#
######†.#############'###
#.## #.<.# ###+###'# ###.#
........# #########'###
........# ###...........#
........######§§...........#
........#§§{@§§#..[........#
........'§######...........#
........### #...........#
######### #############


There were no monsters in sight!

Vanquished Creatures
  Joseph (D:7)
  A two-headed ogre (D:9)
  Sigmund (D:6)
  A wyvern (D:10)
  A wraith (D:10)
  4 yaks
  Eustachio (D:4)
  A steam dragon (D:10)
  Menkaure (D:5)
  A water moccasin (D:8)
  An ice beast (D:8)
  3 orc warriors
  4 sky beasts
  3 ogres
  A necrophage (D:5)
  4 centaurs
  A big kobold (D:8)
  7 giant frogs
  A scorpion (D:8)
  9 killer bees
  8 wights
  4 howler monkeys (D:9)
  3 crimson imps
  A centaur zombie (Ossuary)
  2 giant frog zombies
  3 hounds
  5 jellies
  Crazy Yiuf (D:3)
  2 gnoll shamans
  6 orc priests
  2 giant frog skeletons
  8 worker ants
  Natasha (thrice) (D:3)
  4 iguanas
  6 orc wizards
  6 big kobold zombies (Ossuary)
  2 hound skeletons
  6 mummies (Ossuary)
  2 worker ant zombies (D:10)
  A howler monkey skeleton (D:9)
  6 adders
  10 gnolls
  2 shadow imps
  An adder skeleton (D:5)
  An adder zombie (D:8)
  3 worms
  2 dart slugs
  9 giant geckos
  36 orcs
  A ball python (D:3)
  8 giant cockroaches
  7 goblins
  10 hobgoblins
  2 jackals (D:4)
  7 quokkas
  8 bats
  2 giant newts
  3 hobgoblin zombies (Ossuary)
  6 kobolds
  7 rats
253 creatures vanquished.

Notes
Turn   | Place    | Note
--------------------------------------------------------------
     0 | D:1      | theElss the High Elf Conjurer began the quest for the Orb.
     0 | D:1      | Reached XP level 1. HP: 11/11 MP: 4/4
     3 | D:1      | Noticed a naga
     3 | D:1      | Noticed a gargoyle
    18 | D:1      | Noticed a minotaur zombie
    24 | D:1      | Noticed a ghoul
   255 | D:1      | Reached XP level 2. HP: 17/17 MP: 3/6
   408 | D:1      | Learned a level 2 spell: Searing Ray
   435 | D:1      | Reached skill level 5 in Conjurations
   774 | D:1      | Reached XP level 3. HP: 18/21 MP: 2/7
  1208 | D:2      | Found an opulent altar of Gozag.
  1457 | D:2      | Found a shimmering altar of Xom.
  1460 | D:2      | Found a burning altar of Makhleb.
  1465 | D:2      | Found a shadowy altar of Dithmenos.
  1891 | D:3      | Noticed Natasha
  1895 | D:3      | Killed Natasha
  1895 | D:3      | Reached skill level 6 in Conjurations
  1895 | D:3      | Reached XP level 4. HP: 27/27 MP: 3/9
  1901 | D:3      | Learned a level 4 spell: Iskenderun's Mystic Blast
  1967 | D:3      | Noticed Natasha
  1969 | D:3      | Killed Natasha
  2082 | D:3      | Reached XP level 5. HP: 31/31 MP: 4/10
  2456 | D:3      | Noticed Natasha
  2459 | D:3      | Killed Natasha
  2563 | D:3      | Reached skill level 7 in Conjurations
  2710 | D:3      | Noticed Crazy Yiuf
  2716 | D:3      | Killed Crazy Yiuf
  2716 | D:3      | Reached skill level 1 in Shields
  3032 | D:4      | Found a sand-covered staircase.
  3039 | Ossuary  | Entered an ossuary
  3056 | Ossuary  | Reached XP level 6. HP: 36/36 MP: 5/11
  4161 | D:4      | Noticed Grinder
  4219 | D:4      | Found a staircase to the Ecumenical Temple.
  4227 | Temple   | Entered the Ecumenical Temple
  4295 | Temple   | Became a worshipper of Vehumet
  4389 | D:4      | Found a stormy altar of Qazlal.
  4391 | D:4      | Found a sparkling altar of Nemelex Xobeh.
  4392 | D:4      | Found a sacrificial altar of Ru.
  4442 | D:4      | Got an ichor-stained leather armour
  4682 | D:3      | Identified the +2 leather armour of Royalty {rF++ rC+ Dex-3} (You found it on level 4 of the Dungeon)
  4754 | D:4      | Found Xifub's Food Boutique.
  4772 | D:4      | Reached XP level 7. HP: 41/41 MP: 9/13
  5043 | D:4      | Noticed Eustachio
  5188 | D:4      | Killed Eustachio
  5627 | D:4      | Found an iron altar of Okawaru.
  5824 | D:5      | Entered Level 5 of the Dungeon
  5881 | D:5      | Learned a level 5 spell: Iskenderun's Battlesphere
  6228 | D:5      | Reached skill level 5 in Spellcasting
  6228 | D:5      | Reached skill level 8 in Conjurations
  6373 | D:5      | Noticed Menkaure
  6375 | D:5      | Killed Menkaure
  6375 | D:5      | Reached XP level 8. HP: 46/46 MP: 7/17
  6728 | D:5      | Reached * piety under Vehumet
  6728 | D:5      | Offered knowledge of Flame Tongue by Vehumet.
  6731 | D:5      | Learned a level 1 spell: Flame Tongue
  6770 | D:5      | Found Beazann's Book Emporium.
  6870 | D:6      | Learned a level 3 spell: Mephitic Cloud
  7040 | D:6      | Reached skill level 1 in Fire Magic
  7083 | D:6      | Found a sacrificial altar of Ru.
  7089 | D:6      | Noticed Sigmund
  7124 | D:6      | Killed Sigmund
  7736 | D:6      | Reached skill level 9 in Conjurations
  8047 | D:6      | Reached skill level 5 in Shields
  8237 | D:6      | Reached XP level 9. HP: 51/51 MP: 15/21
  8557 | D:7      | Found Exynozosch's Magic Scroll Shoppe.
  8565 | D:7      | Bought a scroll of silence for 90 gold pieces
  8565 | D:7      | Bought a scroll of magic mapping for 42 gold pieces
  8565 | D:7      | Bought a scroll of recharging for 114 gold pieces
  8584 | D:7      | Bought a scroll of identify for 24 gold pieces
  8584 | D:7      | Bought a scroll of identify for 24 gold pieces
  8612 | D:7      | Found Atheih's Antique Weapon Shoppe.
  8674 | D:7      | Noticed Joseph
  8824 | D:7      | Killed Joseph
  8977 | D:7      | Reached skill level 1 in Air Magic
  9110 | D:7      | Reached ** piety under Vehumet
  9167 | D:7      | Found Tofuku's Food Shoppe.
  9188 | D:7      | Offered knowledge of Throw Flame by Vehumet.
  9269 | D:7      | Reached skill level 1 in Poison Magic
  9311 | D:7      | Reached skill level 10 in Conjurations
 10291 | D:8      | Found Qioqek's Assorted Antiques.
 11034 | D:8      | Offered knowledge of Throw Frost by Vehumet.
 11034 | D:8      | Reached XP level 10. HP: 56/56 MP: 16/24
 11635 | D:9      | Reached *** piety under Vehumet
 12394 | D:9      | Found a snail-covered altar of Cheibriados.
 12548 | D:10     | Entered Level 10 of the Dungeon
 12650 | D:10     | Found a staircase to the Lair.
 12659 | D:10     | Offered knowledge of Sticky Flame by Vehumet.
 12668 | D:10     | Learned a level 4 spell: Sticky Flame
 12753 | D:10     | Noticed Joat's ghost (journeyman VSAE)
 12783 | D:10     | Reached skill level 10 in Spellcasting
 12783 | D:10     | Reached skill level 11 in Conjurations
 13169 | D:10     | Noticed a hill giant
 13417 | D:9      | Reached skill level 1 in Charms
 13417 | D:9      | Reached skill level 5 in Fire Magic
 14018 | D:10     | Slain by an unseen horror

Skill      XL: |  1  2  3  4  5  6  7  8  9 10 |
---------------+-------------------------------+-----
Conjurations   | 5 6 7 8 9 10 11 | 11.3
Spellcasting   | 3 5 7 9 10 | 10.4
Shields        | 1 3 4 5 6 |  6.5
Fire Magic     | 2 4 5 |  5.2
Air Magic      | 1 |  1.3
Poison Magic   | 1 |  1.0
Charms         | 2 |  2.0
Dodging        | |  2.8
Stealth        | |  2.1

Action                   |  1- 3 |  4- 6 |  7- 9 | 10-12 || total
-------------------------+-------+-------+-------+-------++-------
Melee: Club              |     1 |    17 |     1 |       ||    19
       Staff             |       |       |       |     1 ||     1
 Cast: Magic Dart        |    72 |   110 |   148 |    72 ||   402
       Searing Ray       |     3 |    20 |    45 |     4 ||    72
       Iskenderun's Myst |       |     1 |    53 |    42 ||    96
       Mephitic Cloud    |       |       |    23 |     3 ||    26
       Flame Tongue      |       |       |       |    20 ||    20
       Iskenderun's Batt |       |       |       |    15 ||    15
  Use: Scroll            |       |     9 |     3 |     9 ||    21
       Potion            |       |     3 |       |     3 ||     6
  Eat: Chunk             |     3 |     7 |    18 |     8 ||    36
       Fruit             |       |     4 |     2 |     2 ||     8
Armor: Robe              |     2 |       |       |       ||     2
       Leather armour    |       |    16 |    21 |    19 ||    56
Dodge: Dodged            |    10 |    29 |    43 |    30 ||   112
Block: Buckler           |       |    12 |    20 |    11 ||    43
